 Dungeon Crawl Stone Soup version 0.27.1 (webtiles) character file.

Game seed: 2760072704824410464

1814 MajorAdolf the Prestidigitator (level 9, -2/75 HPs)
             Began as a Naga Wanderer on Aug 22, 2021.
             Was an Initiate of Gozag.
             Slain by a wyvern (14 damage)
             ... on level 7 of the Dungeon.
             The game lasted 00:11:33 (10305 turns).

MajorAdolf the Prestidigitator (Naga Wanderer)     Turns: 10305, Time: 00:11:33

Health: -2/75      AC:  4    Str: 16    XL:     9   Next: 10%
Magic:  9/9        EV: 13    Int: 15    God:    Gozag
Gold:   190        SH:  4    Dex: 10    Spells: 8/8 levels left

rFire    . . .     SeeInvis +   g - +2 dagger (venom)
rCold    . . .     Faith    .   u - +0 buckler
rNeg     . . .     Spirit   .   d - +0 robe
rPois    +         Reflect  .   (no helmet)
rElec    .         Harm     .   (no cloak)
rCorr    .         Rampage  .   (no gloves)
Will     +....                  (no barding)
Stlth    ++........             (no amulet)
HPRegen  0.22/turn              o - +4 ring of evasion
MPRegen  0.11/turn              (no ring)

@: short of breath, very slow
A: AC +3, large, see invisible, deformed body, poison resistance, slowness 2,
spit poison 1, naga tail 1
a: Spit Poison, Renounce Religion, Potion Petition, Call Merchant, Bribe Branch


You were on level 7 of the Dungeon.
You worshipped Gozag.
Gozag was aware of your devotion.
You visited 2 branches of the dungeon, and saw 8 of its levels.

You collected 291 gold pieces.
You paid 101 gold pieces to Gozag.

Inventory:

Hand Weapons
 a - a +0 quarterstaff
 e - a +0 dagger
 g - a +2 dagger of venom (weapon)
Armour
 d - a +0 robe (worn)
 u - a +0 buckler (worn)
Magical Staves
 r - a staff of cold
Jewellery
 o - a +4 ring of evasion (left hand)
Wands
 q - a wand of polymorph (5)
Scrolls
 c - 2 scrolls of teleportation
 h - 3 scrolls of immolation {unknown}
 k - 2 scrolls of noise {unknown}
 l - a scroll of enchant weapon {unknown}
 m - 2 scrolls of fog {unknown}
 n - 5 scrolls of fear {unknown}
 s - 4 scrolls of identify {unknown}
 v - a scroll of blinking {unknown}
 w - a scroll of amnesia {unknown}
 x - a scroll of silence {unknown}
Potions
 f - 2 potions of flight {unknown}
 i - 3 potions of lignification {unknown}
 j - 2 potions of attraction {unknown}
 p - a potion of invisibility {unknown}
 t - a potion of mutation {unknown}
Miscellaneous
 b - a lightning rod (inert)


   Skills:
 - Level 3.0 Fighting
 - Level 1.0 Short Blades
 - Level 2.0 Staves
 - Level 1.0 Dodging
 - Level 3.0 Stealth
 + Level 4.6 Shields
 + Level 9.9 Evocations


You had 8 spell levels left.
You didn't know any spells.
Your spell library contained the following spells:

 Spells                   Type           Power      Damage    Failure   Level
 Frozen Ramparts          Ice            0%         1d2       63%         3
 Ice Form                 Ice/Tmut       0%         N/A       95%         4
 Summon Ice Beast         Ice/Summ       0%         N/A       95%         4


Dungeon Overview and Level Annotations

Branches:
Dungeon (7/15)             Temple (1/1) D:7

Altars:
Cheibriados
Dithmenos
Elyvilon
Fedhas
Gozag
Kikubaaqudgha
Makhleb
Nemelex Xobeh
Qazlal
Ru
Sif Muna
Uskayaw
Wu Jian
Xom
Yredelemnul
The Shining One
Lugonu

Annotations:
D:3 2 transporters
D:5 Prince Ribbit
D:7 1 runed translucent door, Crazy Yiuf


Innate Abilities, Weirdness & Mutations

Your serpentine skin is tough. (AC +3)
You have supernaturally acute eyesight. (SInv)
Armour fits poorly on your strangely shaped body.
Your system is resistant to poisons. (rPois)
You cover ground very slowly.
You can spit poison.
You have a snake-like lower body.


Message History

The wyvern hisses angrily.
Unknown command.
You barely miss the wyvern.
The wyvern is lightly wounded.
The wyvern bites you. The wyvern barely misses you.
You barely miss the wyvern.
The wyvern is lightly wounded.
You block the wyvern's attack.
You hit the wyvern but do no damage.
The wyvern is lightly wounded.
The wyvern bites you! The wyvern bites you.
You hit the wyvern but do no damage.
The wyvern is lightly wounded.
You have got your breath back.
The wyvern bites you!
You hit the wyvern but do no damage.
The wyvern looks even sicker.
The wyvern is moderately wounded.
The wyvern barely misses you.
Press: ? - help, Shift-Dir - straight line, f/p - wyvern
Aim: a wyvern (moderately wounded, very poisoned)
The splash of poison hits the wyvern but does no damage.
The wyvern looks as sick as possible!
The wyvern is moderately wounded.
The wyvern bites you. The wyvern closely misses you.
Unknown command.
You hit the wyvern but do no damage.
The wyvern looks as sick as possible!
The wyvern is moderately wounded.
The wyvern bites you!
You hit the wyvern.
The wyvern looks as sick as possible!
The wyvern is moderately wounded.
The wyvern bites you but does no damage.
The wyvern bites you!
* * * LOW HITPOINT WARNING * * *
Unknown command.
Okay, then.
The wyvern bites you.
* * * LOW HITPOINT WARNING * * *
The wyvern bites you!
You die...
Your body crumbles into a pile of gold.

.....#....#...........
.....#....'...........
.....####.#...........
#'#.....######'#######
..'.....#.........#
..#.....+.........#
..#.....#.........#
..#.....#.......l.#
..#))...#.......@.#
###.....#.####...##
.....####+ #...#
...))# ...... ...).#
#...... .....#
#####... .....# #...
.....# #.... .....#


You could see a wyvern (extremely poisoned).

Vanquished Creatures
  A wyvern (D:6)
  Edmund (D:5)
  A water moccasin (D:5)
  2 ice beasts (D:6)
  2 sky beasts
  An ogre (D:6)
  A necrophage (D:7)
  3 kobold brigands
  2 scorpions
  A wyvern skeleton (D:6)
  2 hounds
  A jelly (D:6)
  An orc priest (D:3)
  A bullfrog skeleton (D:5)
  2 centaur skeletons
  Ijyb (D:4)
  Terence (D:1)
  An orc wizard (D:4)
  A hound skeleton (D:5)
  A howler monkey zombie (D:5)
  7 adders
  A shadow imp (D:6)
  A white imp (D:6)
  3 dart slugs
  24 orcs
  7 ball pythons
  11 endoplasms
  5 giant cockroaches
  9 goblins
  5 hobgoblins
  4 jackals
  3 quokkas
  8 bats
  5 frilled lizards
  15 kobolds
  7 rats
142 creatures vanquished.

Vanquished Creatures (others)
  2 plants (D:7)
2 creatures vanquished.

Grand Total: 144 creatures vanquished

Notes
Turn   | Place    | Note
-------+----------+-------------------------------------------
     0 | D:1      | MajorAdolf the Naga Wanderer began the quest for the Orb.
     0 | D:1      | MajorAdolf set off with the following items: a +0
                  | quarterstaff, a lightning rod (4/4), a scroll of
                  | teleportation, a +0 robe, a +0 dagger
     0 | D:1      | Reached XP level 1. HP: 21/21 MP: 1/1
   517 | D:1      | Reached XP level 2. HP: 28/28 MP: 2/2
   600 | D:1      | Found a faded altar of an unknown god.
   608 | D:1      | Reached skill level 2 in Evocations
  1145 | D:1      | Reached XP level 3. HP: 30/34 MP: 3/3
  1337 | D:1      | Reached skill level 3 in Evocations
  1712 | D:2      | Noticed Terence
  1726 | D:1      | Killed Terence
  1727 | D:1      | Reached XP level 4. HP: 13/42 MP: 4/4
  2169 | D:2      | Reached skill level 4 in Evocations
  2321 | D:2      | Found a sacrificial altar of Ru.
  2990 | D:3      | Reached XP level 5. HP: 36/49 MP: 5/5
  3843 | D:3      | Found a transporter.
  3847 | D:3      | Noticed a sky beast
  3851 | D:3      | Found a transporter.
  3862 | D:3      | Found a burning altar of Makhleb.
  4254 | D:3      | Found a white marble altar of Elyvilon.
  4347 | D:3      | Reached skill level 5 in Evocations
  4821 | D:4      | Found an ancient bone altar of Kikubaaqudgha.
  4916 | D:4      | Reached XP level 6. HP: 40/56 MP: 6/6
  4983 | D:4      | Reached skill level 6 in Evocations
  5408 | D:4      | Noticed Ijyb
  5419 | D:4      | Killed Ijyb
  5737 | D:4      | Found a blossoming altar of Fedhas.
  6198 | D:5      | Entered Level 5 of the Dungeon
  6198 | D:5      | Noticed Edmund
  6198 | D:5      | Noticed a sky beast
  6198 | D:5      | Found a sparkling altar of Nemelex Xobeh.
  6198 | D:5      | Found a shadowy altar of Dithmenos.
  6491 | D:4      | Killed a sky beast
  6492 | D:4      | Reached skill level 7 in Evocations
  6492 | D:4      | Reached XP level 7. HP: 52/62 MP: 7/7
  6598 | D:5      | Killed Edmund
  6617 | D:4      | Reached skill level 8 in Evocations
  7091 | D:5      | Reached skill level 1 in Shields
  7349 | D:5      | Noticed Prince Ribbit
  7458 | D:6      | Reached XP level 8. HP: 23/69 MP: 8/8
  7992 | D:6      | Found a basalt altar of Yredelemnul.
  8253 | D:6      | Noticed a wyvern
  8253 | D:6      | an ogre changed into a wyvern
  8260 | D:6      | Killed a wyvern
  8494 | D:6      | Found a glowing golden altar of the Shining One.
  8515 | D:6      | Reached skill level 9 in Evocations
  9423 | D:7      | Found a staircase to the Ecumenical Temple.
  9427 | Temple   | Entered the Ecumenical Temple
  9481 | Temple   | Became a worshipper of Gozag Ym Sagoz the Greedy
  9704 | D:7      | Found a runed translucent door.
  9705 | D:7      | Noticed Crazy Yiuf
  9723 | D:7      | Noticed a wyvern
 10003 | D:7      | Reached XP level 9. HP: 62/75 MP: 9/9
 10305 | D:7      | Slain by a wyvern

Illustrated notes

Levels and vault maps discovered:
D:1:      dpeg_arrival_rhombus, layout_loops_corners,
          shapermc_ecumenical_altar_notcrosses
D:2:      layout_loops_cross, basic_altar, uniq_terence
D:3:      kennysheep_big_flooded_room, layout_loops_corners,
          mainiacjoe_overflow_tiny_flanked, gammafunk_temple_overflow_arena
D:4:      layout_loops_ring, kiku_gazebo_pond_becter, kennysheep_mini_moat,
          uniq_ijyb
D:5:      layout_cave_pools, overflow_temple_1_default,
          nicolae_hepliaklqana_hazy_memory,
          chequers_temple_overflow_statue_of_worship, grunt_decor_arrowhead,
          uniq_prince_ribbit1, uniq_duvessa, uniq_edmund
D:6:      layout_loops_corners, mainiacjoe_overflow_chevrons,
          mainiacjoe_overflow_small_starburst
D:7:      layout_gridville, mainiacjoe_overflow_catwalk, zin_angel,
          mainiacjoe_overflow_boulevard, temple_statues, uniq_crazy_yiuf_cottage
Temple:   corrupted_temple

Skill      XL: |  1  2  3  4  5  6  7  8 |
---------------+-------------------------+-----
Evocations     | 2 3 4 5 7 8 9 |  9.9
Shields        | 1 4 |  4.6
Fighting       | |  3.0
Short Blades   | |  1.0
Staves         | |  2.0
Dodging        | |  1.0
Stealth        | |  3.0

Action                   |  1- 3 |  4- 6 |  7- 9 || total
-------------------------+-------+-------+-------++-------
Melee: Quarterstaff      |    18 |       |       ||    18
       Dagger            |    45 |   209 |   187 ||   441
       Unarmed           |       |     1 |       ||     1
 Abil: Spit Poison       |     9 |    20 |    18 ||    47
Evoke: Lightning rod     |       |       |     8 ||     8
       Wand              |       |       |     1 ||     1
 Stab: Sleeping          |     6 |     9 |     3 ||    18
Armor: Robe              |    11 |    25 |    25 ||    61
Dodge: Dodged            |    38 |   102 |   103 ||   243
Block: Buckler           |       |       |    32 ||    32
